 Dungeon Crawl Stone Soup version 0.22-b1-26-g9dbaab1 (webtiles) character file.

154680 Nilihum the Spry (level 17, -4/142 HPs)
             Began as a Merfolk Skald on Aug 6, 2018.
             Was the Champion of Okawaru.
             Shot with a bolt by a vault sentinel (5 damage)
             ... on level 1 of the Vaults on Aug 7, 2018.
             The game lasted 02:13:12 (39982 turns).

Nilihum the Spry (Merfolk Skald)                   Turns: 39982, Time: 02:13:13

Health: -4/142     AC: 22    Str: 18    XL:     17   Next: 33%
Magic:  0/24       EV: 19    Int: 27    God:    Okawaru [******]
Gold:   1878       SH:  5    Dex: 14    Spells: 4/26 levels left

rFire    + + .     SeeInvis .   a - +9 demon trident (freeze)
rCold    . . .     Gourm    .   R - +0 buckler
rNeg     . . .     Faith    .   t - +1 fire dragon scales
rPois    +         Spirit   +   n - +2 helmet {Int+3}
rElec    .         Reflect  .   S - scarf {Spirit}
rCorr    .         Harm     .   w - +2 pair of gloves {Str+3}
MR       +....     Rnd*Rage +   Z - +2 pair of boots of the Lobster {Str+4}
Stlth    ..........             K - amulet of regeneration {+regen, !d}
HPRegen  0.73/turn              c - ring of poison resistance {rPois, !d}
MPRegen  0.19/turn              y - +5 ring of intelligence

@: very slightly contaminated, invisible
A: change form in water, swift swim, stealthy swim, berserk 1, cold resistance 1
}: 1/15 runes: barnacled
a: Heroism, Finesse, Renounce Religion


You were on level 1 of the Vaults.
You worshipped Okawaru.
Okawaru was exalted by your worship.
You were hungry.

You visited 6 branches of the dungeon, and saw 29 of its levels.
You visited 1 bazaar.
You also visited: Ossuary.

You collected 2962 gold pieces.
You spent 1084 gold pieces at shops.

Inventory:

Hand Weapons
 a - a +9 demon trident of freezing (weapon)
   (You bought it in a shop on level 8 of the Dungeon)
Missiles
 x - 10 throwing nets {=f, !d}
 E - 3 tomahawks of dispersal {=f}
Armour
 n - a +2 helmet of intelligence (worn)
   (Okawaru gifted it to you on level 5 of the Lair of Beasts)
 t - +1 fire dragon scales (worn)
   (You found it on level 6 of the Lair of Beasts)
 w - a +2 pair of gloves of strength (worn)
   (You acquired it in a bazaar)
 O - a +2 cloak of magic resistance
   (You found it on level 3 of the Shoals)
 R - a +0 buckler (worn)
   (You found it on level 9 of the Dungeon)
 S - a scarf of spirit shield (worn)
   (Okawaru gifted it to you on level 11 of the Dungeon)
 Z - the +2 pair of boots of the Lobster (worn) {Str+4}
   (You bought it in a shop in a bazaar)

   It affects your strength (+4).
Jewellery
 c - a ring of poison resistance (left hand) {rPois, !d}
   (You bought it in a shop on level 2 of the Orcish Mines)
 y - a +5 ring of intelligence (right hand)
   (You took it off an orc on level 5 of the Dungeon)
 G - an uncursed ring of protection from magic {MR+, !d}
   (You found it on level 2 of the Shoals)
 K - an amulet of regeneration (around neck) {+regen, !d}
   (You found it on level 3 of the Shoals)
Wands
 h - a wand of digging (28)
   (You found it on level 4 of the Lair of Beasts)
Scrolls
 e - 10 scrolls of identify
 f - 2 scrolls of silence
 j - a scroll of vulnerability {!r!r}
 k - a scroll of holy word {!r}
 s - 3 scrolls of amnesia
 u - a scroll of magic mapping {!r}
 C - 11 scrolls of remove curse
 H - 3 scrolls of blinking {!r}
 L - a scroll of enchant weapon
 P - 5 scrolls of fog
Potions
 g - 2 potions of mutation {!q}
 i - 7 potions of curing
 l - 2 potions of magic
 o - a potion of might
 r - 2 potions of haste
 v - 5 potions of lignification {!q}
 A - 3 potions of ambrosia
 D - a potion of cancellation
 F - 6 potions of flight
 I - a potion of agility
 N - 2 potions of resistance
 U - 3 potions of brilliance
 W - a potion of invisibility
 X - a potion of berserk rage {!q}
Comestibles
 d - 47 rations


   Skills:
 + Level 15.5 Fighting
 - Level 14.0 Polearms
 - Level 10.0 Armour
 + Level 17.9 Dodging
 - Level 4.0 Shields
 - Level 5.0 Spellcasting
 * Level 8.6 Hexes
 - Level 10.0 Charms
 - Level 6.0 Translocations
 - Level 8.1 Invocations


You had 4 spell levels left.
You knew the following spells:

 Your Spells              Type           Power        Failure   Level  Hunger
a - Infusion              Chrm           ####         1%          1    None
b - Lesser Beckoning      Tloc           #####.....   6%          3    #......
c - Swiftness             Chrm/Air       ####....     4%          2    None
d - Invisibility          Hex            ######..     69%         6    ######.
g - Apportation           Tloc           #####.       1%          1    None
r - Regeneration          Chrm/Necr      ####......   9%          3    #......
s - Shroud of Golubria    Chrm/Tloc      ######....   1%          2    None
z - Spectral Weapon       Hex/Chrm       ######..     1%          3    #......
B - Summon Butterflies    Summ           #.......     22%         1    None

Your spell library contained the following spells:

 Spells                   Type           Power        Failure   Level  Hunger
 Magic Dart               Conj           #...         22%         1    None
 Conjure Flame            Conj/Fire      #.......     56%         3    #......
 Lightning Bolt           Conj/Air       #.........   99%         5    #####..
 Confuse                  Hex            ######..     1%          3    #......
 Throw Frost              Conj/Ice       #.....       34%         2    None
 Freezing Cloud           Conj/Ice/Air   #.........   100%        6    ######.
 Mephitic Cloud           Conj/Pois/Air  #.......     56%         3    #......
 Ring of Flames           Chrm/Fire      ####......   100%        7    #######
 Venom Bolt               Conj/Pois      #.........   99%         5    #####..
 Olgreb's Toxic Radiance  Pois           #.......     92%         4    ###....
 Summon Small Mammal      Summ           #...         22%         1    None
 Iskenderun's Mystic Bla  Conj           #.......     92%         4    ###....
 Animate Skeleton         Necr           N/A          22%         1    None
 Freeze                   Ice            #...         22%         1    None
 Summon Ice Beast         Ice/Summ       #.......     92%         4    ###....
 Ozocubu's Armour         Chrm/Ice       ####....     9%          3    #......
 Sting                    Conj/Pois      #...         22%         1    None
 Tukima's Dance           Hex            ######..     1%          3    #......
 Shock                    Conj/Air       #...         22%         1    None
 Throw Icicle             Conj/Ice       #.......     92%         4    ###....
 Airstrike                Air            #.........   92%         4    ###....
 Confusing Touch          Hex            ######       1%          1    None
 Ensorcelled Hibernation  Hex/Ice        ####..       6%          2    None
 Static Discharge         Conj/Air       #.......     56%         3    #......
 Corona                   Hex            ######.      1%          1    None
 Alistair's Intoxication  Tmut/Pois      #.......     99%         5    #####..
 Fulminant Prism          Conj/Hex       ####......   36%         4    ###....
 Dazzling Spray           Conj/Hex       ####..       12%         3    #......
 Force Lance              Conj/Tloc      ###.....     54%         4    ###....
 Song of Slaying          Chrm           ######..     1%          2    None
 Searing Ray              Conj           #.....       34%         2    None
 Poisonous Vapours        Pois/Air       #.....       34%         2    None


Dungeon Overview and Level Annotations

Branches:
Dungeon (15/15)            Temple (1/1) D:4            Lair (6/6) D:11
 Shoals (4/4) Lair:4       Spider (0/4) Lair:2        Slime (0/5) Lair:6
    Orc (2/2) D:9             Elf (0/3) Orc:2        Vaults (1/5) D:13
 Depths (0/5) D:15

Altars:
Ashenzari
Cheibriados
Dithmenos
Elyvilon
Fedhas
Gozag
Hepliaklqana
Kikubaaqudgha
Makhleb
Nemelex Xobeh
Okawaru
Qazlal
Ru
Sif Muna
Trog
Uskayaw
Vehumet
Wu Jian
Xom
Yredelemnul
Zin
The Shining One
Beogh
Jiyva

Shops:
D:4 !   D:8 (   Orc:2 (%=[

Portals:
Trove: D:14 (give 15 scrolls of teleportation)

Annotations:
D:4 Grinder
D:10 3 runed doors, Leyn's ghost, novice DECj; Teucw's ghost, journeyman DEFE
Lair:3 3 runed doors, MTVSty1e's ghost, journeyman GrFi
Shoals:3 3 runed doors, Baolutaung's ghost, journeyman MiFi; Caomi's ghost, adept DDGl; Fustaq's ghost, adept DDGl; Irofyll's ghost, adept DDGl; Sudwilo's ghost, adept DDGl


Innate Abilities, Weirdness & Mutations

You revert to your normal form in water.
You are very nimble and swift while swimming.
You are very stealthy in the water. (Stealth+)
You tend to lose your temper in combat.
Your flesh is cold resistant. (rC+)


Message History

* * * LOW HITPOINT WARNING * * *
The stone giant hits you!!
* * * LOW HITPOINT WARNING * * *
You take 20 damage, and have 22/142 hp.
You now have 4/24 mp.
Unknown command.
You feel much better. The vault warden misses you.
The vault sentinel blows a loud note on a signal horn!
The stone giant barely misses you.
The ironheart preserver hits you with a flail!
* * * LOW HITPOINT WARNING * * *
You regained 3 hp, and now have 25/142 hp.
You now have 2/24 mp.
Unknown command.
A fire bat comes into view.
The vault warden unwields an uncursed great mace of protection.
The vault warden wields an uncursed arbalest.
The vault warden shoots a bolt.
The bolt hits you but does no damage.
Things that are here:
a bolt; a club
Okay, then.
Okay, then.
Okay, then.
Okay, then.
Okay, then.
The fire bat completely misses you.
The vault warden activates a sealing rune.
A door slams shut!
The ironheart preserver gestures wildly while chanting.
The ironheart preserver begins to accept its allies' injuries.
A red very ugly thing opens the door.
The vault sentinel blows a loud note on a signal horn!
You hear a shout!
The fire bat changes into a worm!
The vault warden activates a sealing rune.
A door slams shut!
An ironheart preserver opens the door.
The vault warden activates a sealing rune.
You see here a great mace.
Okay, then.
Okay, then.
The deep elf mage casts a spell.
That door is sealed shut!
Okay, then.
You draw out your weapon's spirit!
The worm changes into a crocodile!
The stone giant hits you!!
* * * LOW HITPOINT WARNING * * *
You take 27 damage, and have 3/142 hp.
You now have 0/24 mp.
The lich is no longer moving quickly.
The deep elf mage mumbles some strange words.
The deep elf mage blinks!
You fade into invisibility!
The runic seal fades away.
The crocodile changes into a rime drake!
You block the ironheart preserver's attack.
The hell rat misses you. The stone giant closely misses you.
You are very lightly contaminated with residual magic.
You swap places.
The ironheart preserver hits your spectral weapon with a flail!
Your spectral weapon shares its damage with you!
* * * LOW HITPOINT WARNING * * *
The hell rat misses your spectral weapon.
The deep elf mage hits you but does no damage.
The vault warden activates a sealing rune.
The stone giant hits your spectral weapon.
Your spectral weapon shares its damage with you!
* * * LOW HITPOINT WARNING * * *
You take 3 damage, and have 1/142 hp.
You now have 0/24 mp.
The hell rat misses you.
The deep elf mage barely misses your spectral weapon.
The vault warden unwields an uncursed arbalest.
The vault warden wields an uncursed great mace of protection.
The vault warden hits you but does no damage.
The red very ugly thing basks in your mutagenic energy and changes!
The red devil disappears in a puff of smoke!
The hell rat completely misses your spectral weapon.
The vault sentinel blows a loud note on a signal horn!
The deep elf mage hits your spectral weapon but does no damage.
The vault sentinel blows a loud note on a signal horn!
The hell rat bites your spectral weapon!
Your spectral weapon shares its damage with you!
* * * LOW HITPOINT WARNING * * *
You hear a shout! x2
You take 1 damage, and have 1/142 hp.
Unknown command.
The rime drake changes into a sky beast!
The sphinx hits you but does no damage. x2; The sphinx barely misses you.
The vault sentinel blows a loud note on a signal horn! x2
The vault warden activates a sealing rune.
The deep elf mage hits your spectral weapon but does no damage.
You hear a shout!
The sphinx hits your spectral weapon!
Your spectral weapon shares its damage with you!
Your spectral weapon fades away.
* * * LOW HITPOINT WARNING * * *
The vault sentinel throws a stone.
The stone hits you.
* * * LOW HITPOINT WARNING * * *
The vault sentinel unwields an uncursed long sword.
The vault sentinel wields an arbalest.
The vault sentinel shoots a bolt.
The bolt hits you.
You die...

#.....#.......'......#
########+######......#
#......)Y.# #.)....#
###...p...r.# #......#
###.#py.ss(poC# #......#
.D##p.p'.C.p.u.pe#
#......#
..pCp.p#(p.p.LH..#
#......#
....$.s'.........#
#......#
....##[#.(.....@.#
#......# . ###.........#
#......#
#.....(...######'#######
#...(.....##...........#
############...........#
#..#######..#
#..#.....#..#
#..#.....#..#
#..#.....#..#


You could see an orc warlord, 2 ironheart preservers, a frost giant, a cyan very
ugly thing, a sphinx, a stone giant, a vault warden, a lich, a wolf spider, 3
vault sentinels, an ironbrand convoker, a deep elf mage, a hornet, a jumping
spider, a sky beast shaped shifter and a hell rat.

Vanquished Creatures
  Saint Roka (Orc:2)
  Rupert (Lair:4)
  Polyphemus (Shoals:3)
  A kraken (Shoals:1)
  Gastronok (Lair:2)
  A vault warden (Vaults:1)
  An orc warlord (Orc:1)
  A stone giant (Orc:2)
  4 very ugly things (Vaults:1)
  4 merfolk javelineers
  2 yaktaur captains
  Josephine (Lair:4)
  2 merfolk impalers
  A fire dragon (Lair:6)
  8 hydras
  3 merfolk avatars
  2 catoblepae
  4 centaur warriors
  The ghost of Benadgh the Brawler, a novice TrMo of Cheibriados (D:13)
  9 two-headed ogres
  9 merfolk aquamancers
  10 death yaks
  A satyr (Shoals:3)
  Urug (Lair:4)
  4 orc high priests (Orc:2)
  Sonja (D:12)
  6 sea snakes
  2 unseen horrors
  A swamp dragon (Lair:6)
  A wizard (Vaults:1)
  15 harpies
  4 ironbrand convokers (Vaults:1)
  3 orc knights (Orc:2)
  11 ugly things
  6 orc sorcerers
  3 fauns
  4 cyclopes
  9 elephants
  3 black mambas
  7 merfolk sirens
  11 manticores
  Maurice (D:9)
  A vault sentinel (Vaults:1)
  6 water nymphs
  8 spiny frogs
  4 gargoyles
  2 rime drakes (Lair:6)
  5 yaktaurs
  10 komodo dragons
  A kobold demonologist (D:11)
  A freezing wraith (Vaults:1)
  A jumping spider (Lair:2)
  A jumping spider (shapeshifter) (D:13)
  20 merfolk
  7 trolls
  2 hornets (D:9)
  A polar bear (Lair:6)
  2 wind drakes
  7 blink frogs
  9 dream sheep
  7 snapping turtles
  13 hippogriffs
  5 water elementals
  23 yaks
  A wyvern (Lair:6)
  4 wraiths (Lair:4)
  2 steam dragons (Lair:6)
  A basilisk (Lair:1)
  3 vampire mosquitoes (D:11)
  A hungry ghost (D:7)
  3 wargs (Orc:2)
  2 soldier ants
  14 water moccasins
  4 porcupines
  40 orc warriors
  3 black bears
  2 eyes of draining
  A hornet zombie (D:15)
  A sky beast (D:7)
  3 swamp drakes (Lair:6)
  13 ice beasts
  3 boggarts (D:14)
  13 ogres
  7 phantoms
  22 centaurs
  5 wolves
  10 crocodiles
  2 big kobolds (D:11)
  9 bullfrogs
  A wyvern skeleton (D:6)
  2 scorpions
  A troll zombie (D:9)
  6 wights
  3 electric eels
  A centaur zombie (D:7)
  4 crimson imps
  6 hounds
  3 bullfrog skeletons
  43 orc priests
  4 jellies
  3 centaur skeletons
  2 gnoll shamans
  23 orc wizards
  3 bullfrog zombies
  2 hell rats (D:8)
  5 iguanas
  8 worker ants
  A killer bee zombie (D:9)
  5 ogre zombies (D:9)
  3 mummies (Ossuary)
  A hound skeleton (D:5)
  A worker ant zombie (D:7)
  Robin (D:4)
  13 adders
  21 gnolls
  9 river rats
  3 shadow imps
  4 white imps (D:15)
  2 adder zombies (Ossuary)
  4 adder skeletons
  2 worms
  3 dart slugs
  4 leopard geckos
  111 orcs
  3 ball pythons
  8 bats
  7 giant cockroaches
  15 goblins
  8 hobgoblins
  21 jackals
  13 kobolds
  13 quokkas
  6 frilled lizards
  A goblin skeleton (D:9)
  11 goblin zombies
  2 hobgoblin skeletons (D:9)
  A hobgoblin zombie (Ossuary)
  A jackal skeleton (D:4)
  3 kobold zombies (Ossuary)
  An orc skeleton (D:9)
  11 orc zombies (D:9)
  3 quokka zombies (Ossuary)
  28 rats
  2 rat zombies (Ossuary)
  A fungus (Lair:4)
  3 plants
937 creatures vanquished.

Vanquished Creatures (others)
  An orc (D:5)
  12 fungi
  3 plants
  21 spectral weapons
  6 tentacles (Shoals:1)
  5 withered plants (D:10)
48 creatures vanquished.

Grand Total: 985 creatures vanquished

Notes
Turn   | Place    | Note
-------+----------+-------------------------------------------
     0 | D:1      | Nilihum the Merfolk Skald began the quest for the Orb.
     0 | D:1      | Reached XP level 1. HP: 16/16 MP: 3/3
   103 | D:1      | Reached XP level 2. HP: 17/22 MP: 5/5
   120 | D:1      | Found a snail-covered altar of Cheibriados.
   139 | D:1      | Reached skill level 1 in Armour
   452 | D:1      | Reached skill level 3 in Dodging
   489 | D:1      | Reached XP level 3. HP: 25/28 MP: 6/6
   727 | D:1      | Learned a level 2 spell: Shroud of Golubria
   754 | D:1      | Learned a level 3 spell: Regeneration
   813 | D:2      | Found a bloodstained altar of Trog.
  1041 | D:2      | Reached skill level 4 in Polearms
  1041 | D:2      | Reached XP level 4. HP: 29/34 MP: 7/7
  1379 | D:2      | HP: 8/34 [poisoned by an adder]
  1386 | D:2      | HP: 7/34 [poisoned by an adder]
  1394 | D:2      | HP: 6/34 [poisoned by an adder]
  2306 | D:2      | Reached XP level 5. HP: 33/40 MP: 2/8
  2848 | D:3      | Reached skill level 3 in Fighting
  3075 | D:3      | Learned a level 3 spell: Spectral Weapon
  3395 | D:3      | Reached skill level 5 in Polearms
  3395 | D:3      | Reached skill level 4 in Charms
  3577 | D:4      | Found a sand-covered staircase.
  3587 | Ossuary  | Entered an ossuary
  3596 | Ossuary  | Reached XP level 6. HP: 21/47 MP: 3/10
  3601 | Ossuary  | HP: 7/47 [mummy (6)]
  4155 | D:4      | Gained mutation: You tend to lose your temper in combat. [potion of mutation]
  4155 | D:4      | Gained mutation: Your flesh is cold resistant. (rC+) [potion of mutation]
  4282 | D:3      | Reached skill level 4 in Dodging
  4463 | D:4      | Reached skill level 3 in Spellcasting
  4525 | D:4      | Found Nauginiu's Distillery.
  4544 | D:4      | Noticed Grinder
  4585 | D:4      | Reached skill level 2 in Armour
  4675 | D:4      | Bought a potion of heal wounds for 65 gold pieces
  4734 | D:4      | Found a staircase to the Ecumenical Temple.
  4748 | Temple   | Entered the Ecumenical Temple
  5006 | Temple   | Became a worshipper of Warmaster Okawaru
  5131 | D:4      | Reached skill level 6 in Polearms
  5131 | D:4      | Reached XP level 7. HP: 52/52 MP: 11/11
  5413 | D:4      | Noticed Robin
  5439 | D:4      | Killed Robin
  5701 | D:5      | Entered Level 5 of the Dungeon
  6013 | D:5      | Reached skill level 4 in Fighting
  6058 | D:5      | Reached skill level 7 in Polearms
  6087 | D:5      | Reached skill level 5 in Dodging
  6106 | D:5      | Reached XP level 8. HP: 60/60 MP: 13/13
  6541 | D:6      | Reached * piety under Okawaru
  6809 | D:6      | Found a shadowy altar of Dithmenos.
  6847 | D:6      | Reached skill level 5 in Charms
  6847 | D:6      | Reached skill level 1 in Invocations
  7279 | D:6      | Reached skill level 8 in Polearms
  7747 | D:6      | Reached skill level 4 in Spellcasting
  7767 | D:6      | Reached skill level 3 in Armour
  7912 | D:7      | Reached ** piety under Okawaru
  7983 | D:7      | Reached skill level 2 in Invocations
  8253 | D:7      | Found a sacrificial altar of Ru.
  8286 | D:7      | Reached skill level 6 in Dodging
  8286 | D:7      | Reached XP level 9. HP: 29/67 MP: 9/15
  8300 | D:7      | Reached skill level 5 in Fighting
  8316 | D:7      | Reached skill level 9 in Polearms
  9276 | D:7      | Reached skill level 3 in Invocations
  9901 | D:8      | Found Apuhog's Antique Weapon Boutique.
  9910 | D:8      | Reached skill level 6 in Charms
 10033 | D:8      | Found an opulent altar of Gozag.
 10034 | D:8      | Found a bloodstained altar of Trog.
 10586 | D:8      | Got a shimmering long sword
 10598 | D:8      | Reached skill level 10 in Polearms
 10616 | D:8      | Reached *** piety under Okawaru
 11453 | D:8      | Reached skill level 7 in Dodging
 11740 | D:9      | Reached XP level 10. HP: 76/76 MP: 17/17
 11748 | D:9      | Noticed Maurice
 11750 | D:9      | Reached skill level 5 in Spellcasting
 11806 | D:8      | HP: 18/76 [yak (9)]
 11819 | D:8      | HP: 14/76 [yak (7)]
 11835 | D:8      | HP: 11/76 [yak (7)]
 11839 | D:8      | Reached skill level 4 in Invocations
 12096 | D:8      | Reached skill level 6 in Fighting
 12139 | D:8      | Reached skill level 4 in Armour
 12246 | D:9      | Reached **** piety under Okawaru
 12246 | D:9      | Reached skill level 11 in Polearms
 13101 | D:9      | Found a staircase to the Orcish Mines.
 13166 | D:9      | Reached skill level 7 in Charms
 13221 | D:9      | Killed Maurice
 13221 | D:9      | Reached ***** piety under Okawaru
 13221 | D:9      | Reached skill level 8 in Dodging
 13221 | D:9      | Reached skill level 5 in Invocations
 13285 | D:8      | Bought a runed demon trident for 450 gold pieces
 13365 | D:9      | Reached skill level 12 in Polearms
 13648 | D:9      | Reached XP level 11. HP: 83/83 MP: 18/18
 13771 | D:9      | Reached skill level 7 in Fighting
 14154 | D:10     | Entered Level 10 of the Dungeon
 14432 | D:10     | Found a runed gate.
 14432 | D:10     | Found a runed gate.
 14434 | D:10     | Found a runed gate.
 14435 | D:10     | Noticed Teucw's ghost (journeyman DEFE)
 14436 | D:10     | Noticed Leyn's ghost (novice DECj)
 14482 | D:10     | Noticed a two-headed ogre
 14491 | D:10     | Killed a two-headed ogre
 14491 | D:10     | Received a gift from Okawaru
 14917 | D:11     | Noticed a death yak
 15121 | D:11     | Noticed a death yak
 15121 | D:11     | Noticed a green ugly thing
 15135 | D:10     | Killed a death yak
 15135 | D:10     | Reached skill level 6 in Invocations
 15222 | D:10     | Killed a death yak
 15222 | D:10     | Reached skill level 5 in Armour
 15225 | D:10     | Reached skill level 13 in Polearms
 15225 | D:10     | Reached skill level 9 in Dodging
 15538 | D:11     | Noticed a cyclops
 15545 | D:11     | Killed a cyclops
 15545 | D:11     | Reached skill level 8 in Charms
 15739 | D:11     | Noticed a two-headed ogre
 15744 | D:11     | Killed a two-headed ogre
 15744 | D:11     | Received a gift from Okawaru
 15818 | D:11     | Noticed a death yak
 15836 | D:11     | HP: 20/86 [death yak (12)]
 15845 | D:11     | Killed a death yak
 16050 | D:11     | Found a staircase to the Lair.
 16072 | D:11     | Reached skill level 8 in Fighting
 16131 | D:11     | Reached XP level 12. HP: 61/92 MP: 17/19
 16215 | D:11     | HP: 23/93 [poisoned by a green ugly thing]
 16220 | D:11     | HP: 19/93 [poisoned by a green ugly thing]
 16226 | D:11     | HP: 17/93 [poisoned by a green ugly thing]
 16233 | D:11     | HP: 15/93 [poisoned by a green ugly thing]
 16240 | D:11     | HP: 15/93 [poisoned by a green ugly thing]
 16248 | D:11     | HP: 15/93 [poisoned by a green ugly thing]
 17189 | Lair:1   | Entered Level 1 of the Lair of Beasts
 17206 | Lair:1   | Got a bloodstained leather armour
 17207 | Lair:1   | Identified the +1 leather armour "Iwyjall" {rF+ Int+5} (You found it on level 1 of the Lair of Beasts)
 17347 | Lair:1   | Reached skill level 14 in Polearms
 17367 | Lair:1   | Reached skill level 7 in Invocations
 17377 | Lair:1   | Got a tattered robe
 18360 | Lair:2   | Reached skill level 10 in Dodging
 18362 | Lair:2   | Reached skill level 1 in Shields
 18411 | Lair:2   | Noticed a four-headed hydra
 18418 | Lair:2   | Killed a four-headed hydra
 18418 | Lair:2   | Reached ****** piety under Okawaru
 18442 | Lair:2   | Reached skill level 9 in Charms
 18454 | Lair:2   | Noticed a six-headed hydra
 18458 | Lair:2   | Killed a six-headed hydra
 18458 | Lair:2   | Reached skill level 2 in Shields
 18486 | Lair:2   | Reached skill level 6 in Armour
 18492 | Lair:2   | Found a hole to the Spider Nest.
 18603 | Lair:2   | Noticed an eight-headed hydra
 18609 | Lair:2   | Killed an eight-headed hydra
 18623 | Lair:2   | Reached skill level 9 in Fighting
 18663 | Lair:2   | Learned a level 1 spell: Apportation
 18665 | Lair:2   | Learned a level 1 spell: Summon Butterflies
 18669 | Lair:2   | Learned a level 3 spell: Lesser Beckoning
 18704 | Lair:2   | Noticed Gastronok
 18727 | Lair:2   | Killed Gastronok
 18727 | Lair:2   | Received a gift from Okawaru
 18727 | Lair:2   | Reached skill level 3 in Shields
 18727 | Lair:2   | Reached skill level 8 in Invocations
 18743 | Lair:2   | Got a transparent spear {god gift}
 18755 | Lair:2   | Got a crude chain mail
 19261 | Lair:3   | Noticed a seven-headed hydra
 19268 | Lair:3   | Killed a seven-headed hydra
 19268 | Lair:3   | Reached XP level 13. HP: 100/101 MP: 18/20
 19380 | Lair:3   | Reached skill level 11 in Dodging
 19395 | Lair:3   | Reached skill level 4 in Shields
 19436 | Lair:3   | Found a runed gate.
 19436 | Lair:3   | Found a runed gate.
 19436 | Lair:3   | Found a runed gate.
 19436 | Lair:3   | Noticed MTVSty1e's ghost (journeyman GrFi)
 19643 | Lair:3   | Received a gift from Okawaru
 19643 | Lair:3   | Reached skill level 10 in Charms
 19644 | Lair:3   | Got a jewelled hat {god gift}
 19655 | Lair:3   | Identified the +2 hat "Buniw" {Str+2} (Okawaru gifted it to you on level 3 of the Lair of Beasts)
 19803 | Lair:4   | Noticed Urug
 19940 | Lair:4   | Noticed Rupert
 19982 | Lair:4   | Paralysed by Rupert for 6 turns
 20022 | Lair:4   | Killed Rupert
 20022 | Lair:4   | Reached skill level 10 in Fighting
 20022 | Lair:4   | Reached skill level 7 in Armour
 20063 | Lair:4   | Noticed Josephine
 20071 | Lair:4   | Killed Josephine
 20330 | Lair:4   | Reached skill level 12 in Dodging
 20432 | Lair:4   | Found a staircase to the Shoals.
 20455 | Lair:4   | Got an ichor-stained hunting sling
 20709 | Lair:4   | Killed Urug
 21052 | Lair:5   | Reached skill level 11 in Fighting
 21183 | Lair:4   | HP: 26/106 [spiny frog (12)]
 21489 | Lair:4   | Nilihum: ??fear
 21489 | Lair:4   | beem: fear[1/1]: Status that stops you from moving towards a monster or going berserk. The opposite of mesmerise. For the spell or scroll see {scroll of fear}.
 21489 | Lair:4   | Nilihum: ??scroll of fear
 21489 | Lair:4   | beem: scroll of fear[1/5]: Scares monsters away from your current position, with a chance to save based on MR. Only affects living, non-berserk monsters. They can still use ranged attack while fleeing. Also a level 4 hexes spell "Cause Fear" with similar effect (same as the scroll at 134 power and above).
 21489 | Lair:4   | Nilihum: ??scroll of fear[2
 21489 | Lair:4   | beem: scroll of fear[2/5]: Very useful if you're trying to run away from something living that matches or exceeds your speed.
 21489 | Lair:4   | Nilihum: ??scroll of fear[3
 21489 | Lair:4   | beem: scroll of fear[3/5]: i read a scroll of fear and it was running away but it was still shooting me with barbs why because that's what fear does isnt it great
 21489 | Lair:4   | Nilihum: ??scroll of fear[4
 21489 | Lair:4   | beem: scroll of fear[4/5]: You assume a fearsome visage. The orc looks frightened! The orc wizard looks frightened! The orc wizard zaps a wand. The bolt of lightning hits you! Ouch! That really hurt! You die...
 21489 | Lair:4   | Nilihum: ??scroll of fear[5
 21489 | Lair:4   | beem: scroll of fear[5/5]: The boulder beetle curls into a ball and rolls away!
 21762 | Lair:5   | Received a gift from Okawaru
 21803 | Lair:5   | Reached XP level 14. HP: 96/113 MP: 15/21
 21811 | Lair:5   | Reached skill level 13 in Dodging
 21845 | Lair:5   | Reached skill level 8 in Armour
 22285 | Lair:6   | Entered Level 6 of the Lair of Beasts
 22756 | Lair:6   | Found a viscous altar of Jiyva.
 22757 | Lair:6   | Found a staircase to the Slime Pits.
 23296 | Lair:6   | Reached skill level 12 in Fighting
 23691 | Orc:1    | Entered Level 1 of the Orcish Mines
 23966 | Orc:2    | Entered Level 2 of the Orcish Mines
 23978 | Orc:2    | Reached skill level 14 in Dodging
 24061 | Orc:1    | Noticed an orc warlord
 24477 | Orc:1    | Killed an orc warlord
 24477 | Orc:1    | Reached skill level 9 in Armour
 24831 | Orc:2    | Found Ariala's Jewellery Shop.
 24855 | Orc:2    | Received a gift from Okawaru
 24858 | Orc:2    | Got a crude glaive {god gift}
 24859 | Orc:2    | Identified the +4 glaive "Apler" {drain, -Tele rF+ rC+} (Okawaru gifted it to you on level 2 of the Orcish Mines)
 24866 | Orc:2    | Bought an uncursed ring of poison resistance for 300 gold pieces
 24872 | Orc:2    | Found Baem's Armour Boutique.
 24872 | Orc:2    | Noticed a stone giant
 25897 | Orc:2    | Found a staircase to the Elven Halls.
 26394 | Orc:2    | Noticed Saint Roka
 26638 | Orc:2    | Found a roughly hewn altar of Beogh.
 26677 | Orc:2    | HP: 25/116 [Saint Roka/divine providence (11)]
 26682 | Orc:2    | HP: 14/116 [Saint Roka/divine providence (13)]
 27224 | Orc:2    | Killed Saint Roka
 27224 | Orc:2    | Reached XP level 15. HP: 71/122 MP: 3/22
 27693 | Orc:2    | Found Jasashri's Weapon Shop.
 27759 | Orc:2    | Found Loing's Food Shoppe.
 28148 | Orc:1    | Reached skill level 10 in Armour
 28169 | Orc:1    | Reached skill level 15 in Dodging
 28243 | Orc:1    | Reached skill level 13 in Fighting
 28352 | Orc:2    | Received a gift from Okawaru
 29109 | Orc:2    | Found a roughly hewn altar of Beogh.
 29161 | Orc:2    | Received a gift from Okawaru
 29177 | Orc:2    | Got a transparent plate armour {god gift}
 29512 | Orc:2    | Identified the +5 plate armour "Kufadecw" {rPois} (Okawaru gifted it to you on level 2 of the Orcish Mines)
 30166 | D:12     | Noticed Sonja
 30181 | D:12     | Killed Sonja
 30942 | D:13     | Reached skill level 1 in Translocations
 30999 | D:13     | Found a gate to the Vaults.
 31030 | D:13     | Found a runed door.
 31030 | D:13     | Noticed Benadgh's ghost (novice TrMo)
 31229 | D:13     | Reached skill level 2 in Translocations
 32152 | D:14     | Reached skill level 3 in Translocations
 32199 | D:14     | Found a portal to a secret trove of treasure.
 32271 | D:14     | Found a roughly hewn altar of Beogh.
 32628 | D:15     | Entered Level 15 of the Dungeon
 33400 | D:15     | Found a staircase to the Depths.
 33412 | D:15     | Reached skill level 4 in Translocations
 33506 | D:15     | Reached skill level 16 in Dodging
 33709 | Shoals:1 | Entered Level 1 of the Shoals
 33716 | Shoals:1 | Received a gift from Okawaru
 33719 | Shoals:1 | Got a pair of encrusted boots {god gift}
 33725 | Shoals:1 | Identified the +0 pair of boots "Anah" {-Cast rElec Regen+ Str+6} (Okawaru gifted it to you on level 1 of the Shoals)
 33763 | Shoals:1 | Noticed a kraken
 33793 | Shoals:1 | Killed a kraken
 33979 | Shoals:1 | HP: 30/125 [merfolk/trident (11)]
 33980 | Shoals:1 | Reached skill level 14 in Fighting
 34368 | Shoals:1 | Reached skill level 5 in Translocations
 34405 | Shoals:1 | Reached XP level 16. HP: 133/133 MP: 23/23
 35007 | Shoals:1 | HP: 32/133 [merfolk/trident (8)]
 35056 | Lair:4   | Nilihum: ??engulf
 35056 | Lair:4   | beem: water elemental[1/2]: Hits somewhat hard, but is vulnerable to fire and normal speed on land. Inflicts the "Engulf" status, which deals damage, prevents using spells and scrolls, slows movement by 50%, and can be 100% reliably escaped by moving.
 35056 | Lair:4   | Nilihum: ??engulf[2
 35056 | Lair:4   | beem: water elemental[2/2]: If you are engulfed and manage to blink from one square to another square adjacent to the same water elemental, you will remain engulfed.
 35408 | Shoals:1 | Reached skill level 6 in Translocations
 35632 | Lair:4   | Learned a level 2 spell: Swiftness
 35639 | Lair:4   | Learned a level 6 spell: Invisibility
 36086 | Shoals:2 | Reached skill level 1 in Hexes
 36266 | Shoals:2 | You fall through a shaft!
 36634 | Shoals:2 | Reached skill level 2 in Hexes
 36817 | Shoals:2 | Received a gift from Okawaru
 36822 | Shoals:2 | Reached skill level 3 in Hexes
 36829 | Shoals:2 | Got a translucent bardiche {god gift}
 36830 | Shoals:2 | Identified the +2 bardiche of Conservatism {protect, +Blink +Fly rF-} (Okawaru gifted it to you on level 2 of the Shoals)
 37474 | Shoals:3 | Reached skill level 4 in Hexes
 37510 | Shoals:3 | Reached skill level 17 in Dodging
 37823 | Shoals:3 | Found a runed gate.
 37823 | Shoals:3 | Found a runed gate.
 37823 | Shoals:3 | Found a runed gate.
 37824 | Shoals:3 | Noticed Irofyll's ghost (adept DDGl)
 37824 | Shoals:3 | Noticed Caomi's ghost (adept DDGl)
 37824 | Shoals:3 | Noticed Fustaq's ghost (adept DDGl)
 37824 | Shoals:3 | Noticed Baolutaung's ghost (journeyman MiFi)
 37824 | Shoals:3 | Noticed Sudwilo's ghost (adept DDGl)
 38036 | Shoals:3 | Noticed Polyphemus
 38049 | Shoals:3 | Killed Polyphemus
 38049 | Shoals:3 | Reached skill level 5 in Hexes
 38147 | Shoals:4 | Entered Level 4 of the Shoals
 38184 | Shoals:4 | Found a flickering gateway to a bazaar.
 38207 | Shoals:4 | Received a gift from Okawaru
 38208 | Shoals:4 | Got a translucent glaive {god gift}
 38217 | Bazaar   | Entered a bazaar
 38221 | Bazaar   | Identified a scroll of acquirement
 38222 | Bazaar   | Identified the +6 glaive of Propriety {venom, +Blink} (Okawaru gifted it to you on level 4 of the Shoals)
 38226 | Bazaar   | Found Qeetadde's Antique Weapon Shop.
 38258 | Bazaar   | Found Ipomo's Weapon Boutique.
 38258 | Bazaar   | Found Ceczisic's Jewellery Boutique.
 38285 | Bazaar   | Found Cizoxt's Armour Boutique.
 38315 | Bazaar   | Bought the +2 pair of boots of the Lobster {Str+4} for 269 gold pieces
 38475 | Shoals:4 | Reached skill level 6 in Hexes
 38526 | Shoals:4 | Reached skill level 15 in Fighting
 38603 | Shoals:3 | HP: 30/136 [merfolk aquamancer/torrent of water (14)]
 38986 | Shoals:4 | Reached skill level 7 in Hexes
 38989 | Shoals:4 | Reached XP level 17. HP: 125/142 MP: 14/24
 39007 | Shoals:4 | Got a barnacled rune of Zot
 39062 | Shoals:4 | Received a gift from Okawaru
 39277 | Vaults:1 | Entered Level 1 of the Vaults
 39366 | D:13     | Killed Benadgh's ghost
 39487 | Vaults:1 | Reached skill level 8 in Hexes
 39919 | Vaults:1 | Noticed a lich
 39948 | Vaults:1 | Noticed a sphinx
 39966 | Vaults:1 | HP: 22/142 [stone giant (16)]
 39975 | Vaults:1 | HP: 3/142 [stone giant (28)]
 39978 | Vaults:1 | HP: 1/142 [stone giant (1)]
 39982 | Vaults:1 | Shot with a bolt by a vault sentinel

Skill      XL: |  1  2  3  4  5  6  7  8  9 10 11 12 13 14 15 16 17 |
---------------+----------------------------------------------------+-----
Armour         | 1 2 3 4 5 6 7 9 10 | 10.0
Dodging        | 3 4 5 6 7 8 9 10 12 14 16 17 | 17.9
Polearms       | 4 5 6 7 8 10 12 13 14 | 14.0
Fighting       | 3 4 5 6 8 9 11 12 14 15 | 15.5
Charms         | 4 5 6 7 8 9 10 | 10.0
Spellcasting   | 3 4 5 |  5.0
Invocations    | 2 3 5 6 8 |  8.1
Shields        | 3 4 |  4.0
Translocations | 5 6 |  6.0
Hexes          | 7 8 |  8.6

Action                   |  1- 3 |  4- 6 |  7- 9 | 10-12 | 13-15 | 16-18 || total
-------------------------+-------+-------+-------+-------+-------+-------++-------
Melee: Spear             |   130 |   299 |   262 |       |       |       ||   691
       Tailslap          |     1 |       |       |     6 |    15 |    12 ||    34
       Trident           |       |       |   462 |   253 |       |       ||   715
       Demon trident     |       |       |       |   373 |  1360 |   664 ||  2397
 Cast: Infusion          |     2 |     6 |    10 |     5 |     9 |       ||    32
       Spectral Weapon   |       |     1 |     4 |    23 |    38 |    14 ||    80
       Regeneration      |       |       |       |       |     2 |     4 ||     6
       Apportation       |       |       |       |       |       |     4 ||     4
       Swiftness         |       |       |       |       |       |     2 ||     2
Invok: Finesse           |       |       |       |       |     2 |     2 ||     4
Evoke: Wand              |       |       |       |       |     2 |       ||     2
  Use: Potion            |     1 |     5 |     2 |     4 |     7 |     9 ||    28
       Scroll            |       |    12 |     3 |    20 |    12 |    20 ||    67
 Stab: Sleeping          |       |     1 |       |       |       |       ||     1
       Invisible         |       |       |     2 |     3 |       |       ||     5
       Distracted        |       |       |       |     2 |     4 |       ||     6
  Eat: Chunk             |     1 |     7 |    21 |    18 |    43 |    10 ||   100
       Ration            |       |     2 |     1 |     2 |     2 |     2 ||     9
Armor: Leather armour    |    25 |    16 |       |       |       |       ||    41
       Ring mail         |       |    46 |   130 |   107 |    53 |       ||   336
       Fire dragon scale |       |       |       |       |   138 |   187 ||   325
Dodge: Dodged            |    73 |   150 |   324 |   257 |   530 |   315 ||  1649
Block: Buckler           |       |       |       |    14 |   146 |    97 ||   257

Vault maps used:
D:1:      tarquinn_simple_flora_water_d, cheibriados_altar_1
D:2:      first_ration, minmay_misc_feat_roman, trog_hazing_becter
D:4:      minmay_temple_entry_hall, nicolae_ossuary_entry_monument,
          serial_shops, shop, uniq_robin, uniq_grinder
D:5:      serial_aquarium, aquarium_bridge_long_joined, aquarium_window_3,
          aquarium_window_1, aquarium_view_2f, aquarium_balcony_double_4,
          aquarium_pool_five
D:6:      grunt_dithmenos_shadows, minivault_22
D:7:      nicolae_ru_sacrificial_ziggurat
D:8:      lemuel_ratsnest, gammafunk_temple_overflow_statue, serial_shops, shop
D:9:      zombieorc1_lemuel, enter_bailey_3, hangedman_pestilent_swarm,
          uniq_maurice
D:10:     gammafunk_ghost_cemetery, st_stairs_4
D:11:     dpeg_lair_monsters
D:12:     uniq_sonja
D:13:     david_vaults_2, hellmonk_ghost_happy_afterlife
D:14:     enter_trove_6, david_defended_altar_orc
D:15:     grunt_enter_depths_snipers, serial_ice, serial_ice_b, serial_ice_o,
          serial_ice_h, serial_ice_n, kennysheep_pointless_box
Temple:   dpeg_five_rooms_temple
Lair:1:   serial_bayou_shore_a
Lair:2:   spider_nest_entry_rubble, grunt_megastairs_1, uniq_gastronok
Lair:3:   ebering_ghost_rock_garden, lemuel_fruit_fields, grunt_megastairs_2
Lair:4:   elwin_shoals_entry_stream, fungi_pond_lemuel, uniq_josephine,
          uniq_rupert, uniq_urug
Lair:6:   guppyfry_lair_end_dragon, slime_altar_1
Shoals:1: nicolae_shoals_kraken_intersection
Shoals:3: gammafunk_ghost_cemetery, nicolae_shoals_seven_spires, uniq_polyphemus
Shoals:4: shoals_end_hangedman, serial_shops, bzr_entry_gold,
          nicolae_shoals_aquamancer_cove
Orc:1:    portal_ice_cave_entry_ice_beasts, minmay_orc_keep
Orc:2:    pubby_orc_utopia
Vaults:1: gammafunk_vaults_ghost_necromancy, vaults_mumra_chevron_long,
          vaults_standard_mumra_x, dpeg_vaults_pockets_of_resistance, v_misc_33,
          v_rooms_4, v_misc_5, nicolae_vaults_angled_halls
Bazaar:   bazaar_jpeg_ribbon
Ossuary:  ossuary_minmay_chase

Table legend:
 A = Turns spent in this place as a percentage of turns spent in the entire game.
 B = Non-inter-level travel turns spent in this place as a percentage of non-inter-level travel turns spent in the entire game.
 C = Inter-level travel turns spent in this place as a percentage of turns spent in this place.
 D = Turns resting spent in this place as a percentage of non-inter-level travel turns spent in this place.
 E = Turns spent auto-exploring this place as a percentage of non-inter-level travel turns spent in this place.
 F = Non-inter-level travel turns spent in this place divided by the number of levels of this place that you've seen.
                   A       B       C       D       E      F
               +-------+-------+-------+-------+-------+----------------------
         Total | 100.0 | 100.0 |   4.1 |  37.7 |  37.2 | 1236.8
       Dungeon |  51.5 |  50.9 |   5.3 |  35.9 |  43.2 | 1300.5
        Temple |   0.8 |   0.6 |  26.5 |   0.0 |  98.7 | 227.0
          Lair |  17.8 |  17.9 |   3.6 |  27.8 |  48.1 | 1143.2
        Shoals |  11.9 |  12.1 |   2.6 |  28.0 |  20.2 | 1157.8
  Orcish Mines |  14.9 |  15.3 |   1.6 |  62.5 |  21.2 | 2927.0
        Vaults |   1.4 |   1.5 |   0.0 |  45.5 |   0.0 | 567.0
        Bazaar |   0.4 |   0.4 |   0.0 |   0.0 |  58.5 | 142.0
       Ossuary |   1.4 |   1.4 |   0.0 |  62.4 |   6.1 | 553.0
               +-------+-------+-------+-------+-------+----------------------

Table legend:
 A = Kills in this place as a percentage of kills in entire the game.
 B = Kills by you in this place as a percentage of kills by you in the entire game.
 C = Kills by friends in this place as a percentage of kills by friends in the entire game.
 D = Other kills in this place as a percentage of other kills in the entire game.
 E = Experience gained in this place as a percentage of experience gained in the entire game.
 F = Experience gained in this place divided by the number of levels of this place that you have seen.
                   A       B       C       D       E      F
               +-------+-------+-------+-------+-------+----------------------
         Total | 100.0 | 100.0 |   N/A | 100.0 | 100.0 | 6529.0
       Dungeon |  49.7 |  49.6 |   N/A | 100.0 |  22.2 | 2997.3
          Lair |  14.7 |  14.7 |   N/A |   0.0 |  24.7 | 8342.5
        Shoals |  11.7 |  11.7 |   N/A |   0.0 |  31.3 | 15819.0
  Orcish Mines |  19.7 |  19.7 |   N/A |   0.0 |  14.3 | 14506.0
        Vaults |   2.0 |   2.0 |   N/A |   0.0 |   7.4 | 15013.0
       Ossuary |   2.2 |   2.3 |   N/A |   0.0 |   0.0 |  84.0
               +-------+-------+-------+-------+-------+----------------------
